AoeStats
← SirFelatus

Golden Pit

508311004Analyzed
1v1 RM · 10d ago on Sep 21, 2026· 29m 56s· 2 players
Game mode
Random Map
Map size
Tiny (2 player)
Population
200
Speed
Normal
Resources
Standard
Victory
Conquest
Starting age
Dark Age
Ending age
Imperial Age
RankedLock teamsTeams togetherTeam positionsShared explorationLock speedFull tech treeHidden civsTurbo modeCheats
Victory
Defeat
🇪🇸 Britons · Spain
777
+13
🇵🇪 Romans · Peru
721
-13
JulioMarbal
10:21 Feudal Age
11:25 Double-Bit Axe
13:50 Bloodlines
14:51 Loom
19:39 Castle Age
20:02 Elite Skirmisher
24:45 Fletching
25:46 Pikeman
26:28 Scale Mail Armor
SirFelatus
0:28 Loom
9:46 Feudal Age
10:13 Town Watch
10:17 Double-Bit Axe
13:12 Horse Collar
21:08 Castle Age
19:37 Fletching
21:14 Forging
21:14 Gold Mining
22:09 Crossbowman
26:10 Padded Archer Armor
29:01 Wheelbarrow
Connection lost

Rejoining the realm…

Still unreachable

The connection could not be restored.

Session expired

The server has moved on; the page needs a fresh start.